 Dungeon Crawl Stone Soup version 0.28.0-1-gb440e238dd (webtiles) character file.

Game seed: 1374858310221657837

131870 Kaptain the Geomancer (level 17, -6/114 HPs)
             Began as an Octopode Earth Elementalist on Feb 19, 2022.
             Killed from afar by a Hell Sentinel (32 damage)
             ... with damnation
             ... on level 3 of the Abyss.
             The game lasted 02:39:56 (49135 turns).

Kaptain the Geomancer (OpEE)                       Turns: 49135, Time: 02:39:57

Health: -6/114     AC: 17    Str: 12    XL:     17   Next: 11%
Magic:  1/36       EV: 27    Int: 27    God:
Gold:   1436       SH: 22    Dex: 20    Spells: 22/41 levels left

rFire   . . .      SeeInvis .   x - +9 mace of Diet Blood {drain, MP+9 Int+4}
rCold   + . .      Faith    .   h - +5 kite shield {reflect}
rNeg    . . .      Spirit   .   Q - +2 hat {Stlth+}
rPois   .          Reflect  +   j - amulet of reflection
rElec   .          Harm     .   d - +6 ring of dexterity
rCorr   .          Rampage  .   s - ring of wizardry
Will    ++...                   g - ring "Inaenuh" {Will+ EV+4 Str+4}
Stlth   +++++++...              B - +4 ring of protection
HPRegen 0.29/turn               O - +4 ring of protection
MPRegen 0.25/turn               N - ring of protection from cold
                                U - +4 ring of evasion
                                c - +4 ring of protection

@: no status effects
A: almost no armour, amphibious, 8 rings, camouflage 1, gelatinous body 1,
(nimble swimmer 1), tentacles, iridescent scales 1, devolution 1, [low MP 2]
a: no special abilities


You were on level 3 of the Abyss.
You visited 5 branches of the dungeon, and saw 26 of its levels.
You visited the Abyss 1 time.
You also visited: Ossuary.

You collected 2966 gold pieces.
You spent 1530 gold pieces at shops.

Inventory:

Hand Weapons
 i - a +6 trident of freezing
 k - a +3 fustibalus
 x - the +9 mace of Diet Blood (weapon) {drain, MP+9 Int+4}
   (You took it off a wizard on level 12 of the Dungeon)

   A truly terrible weapon, it drains the life of any living foe it strikes.
   Int:       It affects your intelligence (+4).
   MP:        It affects your magic capacity (+9).
Missiles
 b - 52 poisoned darts (quivered)
 o - 44 sling bullets
 W - 9 stones
Armour
 h - a +5 kite shield of reflection (worn)
 Q - a +2 hat of stealth (worn)
Magical Staves
 f - a staff of earth
 p - a staff of air
 I - a staff of death
Jewellery
 a - a ring of flight
 c - a +4 ring of protection (on tentacle)
 d - a +6 ring of dexterity (left tentacle)
 e - a ring of protection from cold
 g - the ring "Inaenuh" (on tentacle) {Will+ EV+4 Str+4}
   (You acquired it on level 6 of the Dungeon)

   [ring of evasion]

   EV:        It affects your evasion (+4).
   Str:       It affects your strength (+4).
   Will:      It increases your willpower.
 j - an amulet of reflection (around mantle)
 s - a ring of wizardry (right tentacle)
 B - a +4 ring of protection (on tentacle)
 J - a ring of fire
 N - a ring of protection from cold (on tentacle)
 O - a +4 ring of protection (on tentacle)
 R - a ring of wizardry
 U - a +4 ring of evasion (on tentacle)
 Y - a ring of ice
Wands
 w - a wand of iceblast (7)
 z - a wand of flame (43)
 L - a wand of acid (10)
 T - a wand of digging (5)
 X - a wand of paralysis (9)
Scrolls
 m - 2 scrolls of identify
 r - 2 scrolls of amnesia
 v - 3 scrolls of fear
 y - a scroll of blinking
 A - 2 scrolls of silence
 H - 3 scrolls of immolation
 P - a scroll of holy word
 V - 2 scrolls of enchant weapon
Potions
 n - a potion of invisibility
 u - 3 potions of mutation
 C - 5 potions of flight
 D - 3 potions of might
 E - 3 potions of brilliance
 G - 3 potions of haste
 K - 2 potions of lignification
 M - a potion of magic
Miscellaneous
 Z - a box of beasts


   Skills:
 + Level 9.8 Fighting
 + Level 10.1 Dodging
 - Level 12.5 Stealth
 + Level 9.3 Shields
 * Level 12.9 Spellcasting
 * Level 13.7 Conjurations
 - Level 5.7 Transmutations
 * Level 14.2 Earth Magic
 - Level 3.1 Evocations


You had 22 spell levels left.
You knew the following spells:

 Your Spells              Type           Power      Damage    Failure   Level
a - Sandblast             Erth           100%       2d20      0%          1
b - Stone Arrow           Conj/Erth      100%       3d13      1%          3
c - Mephitic Cloud        Conj/Pois/Air  42%        N/A       1%          3
d - Fulminant Prism       Conj/Hex       26%        3d14      1%          4
e - Lehudib's Crystal Sp  Conj/Erth      37%        10d9      50%         8

Your spell library contained the following spells:

 Spells                   Type           Power      Damage    Failure   Level
 Magic Dart               Conj           100%       1d8       1%          1
 Passwall                 Tmut/Erth      52%        N/A       1%          2
 Searing Ray              Conj           100%       2d8       1%          2
 Wereblood                Tmut           48%        N/A       1%          2
 Hailstorm                Conj/Ice       53%        3d12      1%          4
 Petrify                  Tmut/Erth      63%        N/A       1%          4
 Spider Form              Tmut/Pois      32%        N/A       2%          3
 Freeze                   Ice            68%        1d8       3%          1
 Slow                     Hex            68%        N/A       3%          1
 Call Imp                 Summ           17%        N/A       4%          2
 Corpse Rot               Necr/Air       34%        N/A       4%          2
 Ensorcelled Hibernation  Hex/Ice        34%        N/A       4%          2
 Sublimation of Blood     Necr           17%        N/A       4%          2
 Lightning Bolt           Conj/Air       26%        1d42      4%          5
 Confusing Touch          Hex            17%        N/A       9%          3
 Frozen Ramparts          Ice            34%        1d5       9%          3
 Gell's Gravitas          Tloc           17%        N/A       9%          3
 Lesser Beckoning         Tloc           17%        N/A       9%          3
 Teleport Other           Tloc           17%        N/A       9%          3
 Tukima's Dance           Hex            17%        N/A       9%          3
 Vampiric Draining        Necr           17%        2d7       9%          3
 Yara's Violent Unravell  Hex/Tmut       16%        3d8       24%         5
 Airstrike                Air            8%         N/A       28%         4
 Anguish                  Hex/Necr       8%         N/A       28%         4
 Dispel Undead            Necr           17%        3d10      28%         4
 Passage of Golubria      Tloc           17%        N/A       28%         4
 Summon Lightning Spire   Summ/Air       17%        N/A       28%         4
 Silence                  Hex/Air        8%         N/A       58%         5
 Death Channel            Necr           8%         N/A       98%         6
 Malign Gateway           Summ/Tloc      8%         N/A       100%        7
 Summon Hydra             Summ           8%         N/A       100%        7
 Summon Horrible Things   Summ           8%         N/A       100%        8


Dungeon Overview and Level Annotations

Branches:
Dungeon (14/15)            Temple (1/1) D:4            Lair (6/6) D:10
 Shoals (0/4) Lair:4       Spider (0/4) Lair:2          Orc (2/2) D:10
    Elf (3/3) Orc:2       Ossuary (visited)
  Slime: Lair:5-6    Vaults: D:13-14

Altars:
Ashenzari
Cheibriados
Dithmenos
Elyvilon
Fedhas
Gozag
Hepliaklqana
Kikubaaqudgha
Makhleb
Nemelex Xobeh
Okawaru
Qazlal
Ru
Sif Muna
Trog
Uskayaw
Vehumet
Wu Jian
Xom
Yredelemnul
Zin
The Shining One
Beogh

Shops:
D:1 (   D:5 [   D:13 [   Orc:2 ?[(=?

Annotations:
Elf:2 3 runed translucent doors
Abyss:3 2 runed translucent doors


Innate Abilities, Weirdness & Mutations

You cannot wear most types of armour.
You are amphibious.
You can wear up to eight rings at the same time.
Your skin changes colour to match your surroundings (Stealth+).
Your rubbery body absorbs attacks. (AC +1, EV +1)
((You are camouflaged when in or above water. (Stealth+)))
You have tentacles for arms and can constrict up to eight enemies at once.
You are partially covered in iridescent scales. (AC +2)
You have hidden genetic defects.
[Your magical capacity is very low. (-20% MP)]


Message History

Aiming: Corrosive Bolt
Press: ? - help, Shift-Dir - straight line, f - smoke demon, p - Hell Sentinel
Aim: a smoke demon (77% to hit)
The bolt of acid hits the Hell Sentinel!
The acid corrodes the Hell Sentinel!
The Hell Sentinel is almost dead.
The bolt of acid hits the smoke demon.
The acid corrodes the smoke demon!
The smoke demon is lightly wounded.
You block the Hell Sentinel's attack. x2
Unknown command.
Casting: Stone Arrow (safe; 1% risk of failure)
Confirm with . or Enter, or press ? or * to list all spells.
Aiming: Sandblast (safe; 0% risk of failure)
Press: ? - help, Shift-Dir - straight line, f/p - smoke demon
Aim: a smoke demon (lightly wounded, covered in acid, 86% to hit)
The blast of sand hits the Hell Sentinel but does no damage.
The Hell Sentinel is almost dead.
W - 10 stones You block the Hell Sentinel's attack.
The Hell Sentinel hits you but does no damage.
Casting: Sandblast (safe; 0% risk of failure)
Confirm with . or Enter, or press ? or * to list all spells.
Aiming: Sandblast (safe; 0% risk of failure)
Press: ? - help, Shift-Dir - straight line, f/p - smoke demon
Aim: a smoke demon (lightly wounded, covered in acid, 86% to hit)
The blast of sand hits the Hell Sentinel but does no damage.
The Hell Sentinel is almost dead.
W - 9 stones You block the Hell Sentinel's attack. x2
Unknown command.
Aiming: Corrosive Bolt
Press: ? - help, Shift-Dir - straight line, f/p - smoke demon
Aim: a smoke demon (lightly wounded, covered in acid, 77% to hit)
The bolt of acid hits the Hell Sentinel!
The Hell Sentinel is almost dead.
The bolt of acid hits the smoke demon!
The smoke demon is moderately wounded.
The Hell Sentinel gestures at you.
The sphere of damnation explodes!
The damnation engulfs you!!
You die...

### # # ##@# #
. . ###1## #. .
.# .34 # .##
#.#. . #..*#
.## ##. .#
..#.#.. #. #. #
.#.# . ≈.......
...... .... ..
≈≈.............
.....
≈..1....##..#
#..# . # #. # #
. ## .# ..##..


You could see a Hell Sentinel (corroded), a wretched star, a smoke demon
(corroded) and a chaos spawn.

Vanquished Creatures
  Aizul (Elf:1)
  5 deep elf sorcerers
  2 orc warlords
  The ghost of MacCMillion the Stormcaller, an adept FeSu of Gozag (Elf:3)
  A deep elf demonologist (Elf:1)
  Snorg (D:13)
  2 deep elf death magi
  3 deep elf high priests
  The ghost of confidenceinterval the Fighter, a journeyman DsSu of Okawaru (Lair:1)
  A boulder beetle (D:11)
  11 hydras
  A catoblepas (Lair:6)
  4 two-headed ogres
  2 centaur warriors (D:13)
  A death knight (D:14)
  12 death yaks
  16 dancing weapons
  A tengu warrior (D:10)
  2 orc high priests (Elf:1)
  2 thrashing horrors (Abyss:3)
  16 deep elf knights
  A sixfirhy (Abyss:3)
  A wretched star (Abyss:3)
  A skeletal warrior (D:11)
  A fire crab (shapeshifter) (Elf:2)
  A swamp dragon (shapeshifter) (Elf:2)
  13 deep elf archers
  A wizard (D:12)
  An orc knight (Orc:2)
  26 deep elf pyromancers
  21 deep elf zephyrmancers
  5 ugly things
  2 manticores
  4 orc sorcerers (Orc:2)
  6 cyclopes
  2 worldbinders (Abyss:3)
  2 merfolk sirens (Lair:4)
  11 elephants
  2 black mambas
  2 apocalypse crabs (Abyss:3)
  A rust devil (Abyss:3)
  A naga skeleton (Abyss:3)
  2 gargoyles
  12 cane toads
  A cane toad (shapeshifter) (D:12)
  2 freezing wraiths
  2 unseen horrors
  2 kobold demonologists (D:11)
  2 torpor snails (Lair:6)
  6 rime drakes
  13 komodo dragons
  A rime drake (shapeshifter) (Elf:2)
  2 ancient zymes (Abyss:3)
  6 meliai
  3 polar bears
  9 trolls
  A hornet (shapeshifter) (D:13)
  5 slime creatures (D:11)
  10 blink frogs
  4 dream sheep (Lair:4)
  A centaur simulacrum (Abyss:3)
  A shadow (D:12)
  A ynoxinul (Abyss:3)
  An air elemental (Elf:3)
  3 wraiths
  2 water elementals
  A human (shapeshifter) (D:11)
  37 yaks
  8 wyverns
  4 basilisks
  Eustachio (D:4)
  2 chaos spawn (Abyss:3)
  4 fire bats (Abyss:3)
  A fire elemental (Elf:2)
  2 vampire mosquitoes (D:12)
  A warg (Orc:1)
  3 redbacks (Lair:2)
  2 steam dragons
  A neqoxec (Abyss:3)
  3 large abominations (Abyss:3)
  Edmund (D:5)
  An acid dragon (D:12)
  15 water moccasins
  44 orc warriors
  4 black bears
  2 sky beasts
  5 ogres
  A necrophage (D:7)
  A hornet zombie (D:8)
  13 centaurs
  A phantom (D:7)
  7 kobold brigands
  9 bullfrogs
  2 gnoll sergeants
  2 scorpions
  5 small abominations (Abyss:3)
  2 earth elementals
  A wyvern zombie (D:9)
  12 wights
  An electric eel (D:10)
  4 howler monkeys
  A bullfrog zombie (D:7)
  4 centaur zombies
  2 hounds
  20 orc priests
  A gnoll shaman (D:8)
  A jelly (D:3)
  Jessica (D:2)
  6 hell rats (Lair:6)
  Natasha (thrice) (D:2)
  5 iguanas
  31 orc wizards
  A killer bee zombie (D:5)
  8 mummies (Ossuary)
  Robin (D:2)
  A howler monkey zombie (D:9)
  14 gnolls
  10 adders
  2 howler monkey skeletons
  2 shadow imps
  4 white imps
  2 ufetubi
  An adder skeleton (D:4)
  3 worms
  3 dart slugs
  126 orcs
  6 ball pythons
  7 endoplasms
  7 giant cockroaches
  A gnoll zombie (Ossuary)
  13 goblins
  8 hobgoblins
  6 jackals
  5 quokkas
  12 bats
  3 frilled lizards
  11 kobolds
  5 kobold zombies (Ossuary)
  2 orc zombies (Ossuary)
  4 rats
829 creatures vanquished.

Vanquished Creatures (others)
  2 deep elf knights
  A kobold brigand (D:11)
  205 fulminant prisms
  54 fungi
  59 plants
  2 starspawn tentacles (Abyss:3)
323 creatures vanquished.

Grand Total: 1152 creatures vanquished

Notes
Turn   | Place    | Note
-------+----------+-------------------------------------------
     0 | D:1      | Kaptain the Octopode Earth Elementalist began the quest for
                  | the Orb.
     0 | D:1      | Reached XP level 1. HP: 11/11 MP: 3/3
   256 | D:1      | Reached XP level 2. HP: 10/17 MP: 0/5
  1101 | D:1      | Found Leur's Weapon Shoppe.
  1169 | D:1      | Reached XP level 3. HP: 21/22 MP: 2/6
  1210 | D:1      | Learned a level 3 spell: Stone Arrow
  1312 | D:2      | Noticed Jessica
  1315 | D:2      | Killed Jessica
  1332 | D:2      | Reached XP level 4. HP: 27/27 MP: 7/7
  1380 | D:2      | Noticed Natasha
  1388 | D:2      | Killed Natasha
  1389 | D:2      | Reached skill level 1 in Fighting
  1389 | D:2      | Reached skill level 1 in Conjurations
  1406 | D:2      | Noticed Robin
  1429 | D:2      | Killed Robin
  1740 | D:2      | Noticed Natasha
  1746 | D:2      | Killed Natasha
  1747 | D:2      | Reached XP level 5. HP: 21/33 MP: 2/9
  1851 | D:2      | Noticed Natasha
  1857 | D:2      | Killed Natasha
  1858 | D:2      | Reached skill level 4 in Earth Magic
  4119 | D:3      | Reached XP level 6. HP: 38/38 MP: 10/10
  4796 | D:4      | Found a radiant altar of Vehumet.
  4840 | D:4      | Noticed a black bear
  4845 | D:4      | Killed a black bear
  4846 | D:4      | Reached XP level 7. HP: 45/45 MP: 5/12
  5184 | D:4      | Found a staircase to the Ecumenical Temple.
  5190 | Temple   | Entered the Ecumenical Temple
  5596 | D:4      | Noticed Eustachio
  5639 | D:4      | Killed Eustachio
  6211 | D:5      | Entered Level 5 of the Dungeon
  6240 | D:5      | Reached skill level 5 in Stealth
  6240 | D:5      | Reached skill level 5 in Earth Magic
  6475 | D:5      | Noticed Edmund
  6541 | D:5      | Reached XP level 8. HP: 38/51 MP: 2/14
  7347 | D:5      | Found Juocotac's Armour Boutique.
  7595 | D:5      | Killed Edmund
  7898 | D:6      | Identified a scroll of acquirement
  7898 | D:6      | Acquired the ring "Inaenuh" {Will+ EV+4 Str+4}
  7917 | D:6      | Found a sand-covered staircase.
  7924 | Ossuary  | Entered an ossuary
  8817 | D:6      | Reached skill level 1 in Shields
  9035 | D:6      | Reached skill level 6 in Earth Magic
  9046 | D:6      | Reached skill level 5 in Spellcasting
  9186 | D:6      | Found a shadowy altar of Dithmenos.
  9224 | D:6      | Reached XP level 9. HP: 57/57 MP: 6/16
  9787 | D:7      | Reached skill level 5 in Conjurations
  9945 | D:7      | Found a snail-covered altar of Cheibriados.
  9945 | D:7      | Found an opulent altar of Gozag.
 11420 | D:8      | Found a sacrificial altar of Ru.
 11508 | D:8      | Noticed a manticore
 11516 | D:8      | Killed a manticore
 11517 | D:8      | Reached skill level 7 in Earth Magic
 11517 | D:8      | Reached XP level 10. HP: 37/64 MP: 3/19
 11677 | D:8      | Found a blossoming altar of Fedhas.
 11677 | D:8      | Found a hide-covered altar of Uskayaw.
 11839 | D:8      | Learned a level 3 spell: Mephitic Cloud
 12440 | D:8      | Reached skill level 5 in Dodging
 12725 | D:8      | Noticed a boulder beetle
 13894 | D:9      | Reached skill level 8 in Earth Magic
 14341 | D:9      | Reached skill level 5 in Fighting
 14575 | D:10     | Entered Level 10 of the Dungeon
 14580 | D:10     | Found a staircase to the Orcish Mines.
 14794 | D:10     | Reached XP level 11. HP: 71/71 MP: 5/21
 15359 | D:10     | Found a staircase to the Lair.
 15435 | D:10     | Noticed a two-headed ogre
 15446 | D:10     | Killed a two-headed ogre
 15867 | D:10     | Found a shimmering altar of Xom.
 15868 | D:10     | Found a shimmering altar of Xom.
 15869 | D:10     | Found a shimmering altar of Xom.
 16099 | Lair:1   | Entered Level 1 of the Lair of Beasts
 16653 | Lair:1   | Noticed a seven-headed hydra
 16659 | Lair:1   | Killed a seven-headed hydra
 16660 | Lair:1   | Reached skill level 9 in Earth Magic
 17428 | Lair:1   | Found a runed translucent gate.
 17428 | Lair:1   | Found a runed translucent gate.
 17428 | Lair:1   | Found a runed translucent gate.
 17431 | Lair:1   | Noticed confidenceinterval's ghost (journeyman DsSu)
 17798 | Lair:2   | Noticed a five-headed hydra
 17804 | Lair:2   | Killed a five-headed hydra
 17805 | Lair:2   | Reached XP level 12. HP: 68/78 MP: 11/24
 17858 | Lair:2   | Reached skill level 5 in Shields
 17948 | Lair:2   | Noticed a five-headed hydra
 17954 | Lair:2   | Killed a five-headed hydra
 18067 | Lair:2   | Noticed a seven-headed hydra
 18076 | Lair:2   | Killed a seven-headed hydra
 18334 | Lair:2   | Found a hole to the Spider Nest.
 19759 | Lair:3   | Noticed a death yak
 19759 | Lair:3   | Noticed a death yak
 19760 | Lair:3   | Noticed a death yak
 19813 | Lair:3   | Killed a death yak
 19952 | Lair:3   | Killed a death yak
 19953 | Lair:3   | Reached skill level 10 in Stealth
 19953 | Lair:3   | Reached skill level 10 in Earth Magic
 20062 | Lair:3   | Killed a death yak
 20446 | Lair:3   | Noticed a six-headed hydra
 20450 | Lair:3   | Killed a six-headed hydra
 20579 | Lair:3   | Reached XP level 13. HP: 85/85 MP: 18/26
 20694 | Lair:3   | You fall into a shaft and drop 3 floors!
 20694 | Lair:6   | Entered Level 6 of the Lair of Beasts
 21675 | Lair:6   | Reached skill level 10 in Conjurations
 22294 | Lair:5   | Reached skill level 5 in Transmutations
 23326 | Lair:4   | Reached skill level 11 in Earth Magic
 23874 | Lair:4   | Reached skill level 10 in Spellcasting
 24122 | Lair:4   | Found a staircase to the Shoals.
 24137 | Lair:4   | Reached XP level 14. HP: 92/92 MP: 17/28
 26778 | Orc:1    | Entered Level 1 of the Orcish Mines
 27313 | Orc:2    | Entered Level 2 of the Orcish Mines
 27792 | Orc:2    | Noticed an orc warlord
 28417 | D:11     | Noticed a storm dragon
 29121 | D:11     | Identified the +8 lajatang of the Hundredfold Seas {vorpal,
                  | rN+}
 29135 | D:11     | Learned a level 4 spell: Fulminant Prism
 29429 | Lair:1   | Killed confidenceinterval's ghost
 32102 | D:12     | Identified the +5 ring mail "Joqit" {-Tele rPois Regen+}
 32108 | D:12     | Reached skill level 12 in Earth Magic
 32108 | D:12     | Reached skill level 1 in Evocations
 32298 | D:12     | Identified the +9 mace of Diet Blood {drain, MP+9 Int+4}
 32572 | D:13     | Found Exkyeg's Antique Armour Shop.
 33226 | D:13     | Reached XP level 15. HP: 99/99 MP: 25/29
 34481 | D:14     | Noticed Snorg
 34493 | D:13     | Killed Snorg
 35396 | D:10     | Killed an orc warlord
 36670 | Orc:2    | Found Sish's Magic Scroll Boutique.
 36675 | Orc:2    | Bought a scroll of identify for 32 gold pieces
 37035 | Orc:2    | Found a staircase to the Elven Halls.
 37202 | Orc:2    | Found Ajyanim's Magic Scroll Shop.
 37225 | Orc:2    | Bought a scroll of fear for 49 gold pieces
 37225 | Orc:2    | Bought a scroll of blinking for 105 gold pieces
 37273 | Orc:2    | Found Pept's Jewellery Emporium.
 37286 | Orc:2    | Bought a +4 ring of protection for 360 gold pieces
 37695 | Orc:2    | Noticed an orc warlord
 37718 | Orc:2    | Killed an orc warlord
 38329 | Orc:2    | Found Cufoto Hool's Antique Armour Emporium.
 38334 | Orc:2    | Found Okoaseu's Antique Weapon Shoppe.
 38350 | Orc:2    | Bought an embroidered hat for 259 gold pieces
 39351 | Orc:2    | Bought a ring of wizardry for 300 gold pieces
 39351 | Orc:2    | Bought a ring of protection from cold for 250 gold pieces
 39351 | Orc:2    | Bought a ring of flight for 175 gold pieces
 39384 | Elf:1    | Entered Level 1 of the Elven Halls
 39384 | Elf:1    | Noticed a deep elf sorcerer
 39384 | Elf:1    | Noticed a deep elf sorcerer
 39384 | Elf:1    | Found a runed translucent gate.
 39384 | Elf:1    | Found a runed translucent gate.
 39384 | Elf:1    | Found a runed translucent gate.
 39384 | Elf:1    | Found a runed translucent gate.
 39384 | Elf:1    | Found a runed translucent gate.
 39384 | Elf:1    | Found a runed translucent gate.
 39385 | Elf:1    | Found a runed translucent door.
 39389 | Elf:1    | Found a runed translucent door.
 39573 | Orc:2    | Killed a deep elf sorcerer
 39620 | Elf:1    | Killed a deep elf sorcerer
 39959 | Elf:1    | Noticed Aizul
 39970 | Elf:1    | Killed Aizul
 40657 | Elf:1    | Reached skill level 13 in Earth Magic
 41154 | Orc:2    | Reached XP level 16. HP: 95/108 MP: 21/31
 41224 | Elf:1    | Noticed an Ice Fiend
 41226 | Elf:1    | Noticed an Ice Fiend
 42533 | Elf:1    | Got Sif Muna's Tome of Summoning
 44857 | Elf:2    | Found a runed translucent gate.
 44858 | Elf:2    | Found a runed translucent gate.
 44858 | Elf:2    | Found a runed translucent gate.
 45168 | Elf:3    | Entered Level 3 of the Elven Halls
 45174 | Elf:3    | Found a runed translucent gate.
 45174 | Elf:3    | Found a runed translucent gate.
 45174 | Elf:3    | Found a runed translucent gate.
 45176 | Elf:3    | Noticed MacCMillion's ghost (adept FeSu)
 45450 | Elf:3    | Killed MacCMillion's ghost
 45620 | Elf:3    | Reached skill level 10 in Dodging
 45635 | Elf:3    | Reached skill level 14 in Earth Magic
 46178 | Elf:3    | Reached XP level 17. HP: 61/114 MP: 23/33
 46519 | Elf:3    | Paralysed by an air elemental for 1 turns
 46524 | Elf:3    | Paralysed by an air elemental for 1 turns
 46867 | Elf:3    | Identified the +1 trident of the Spider Nest {venom, rN+
                  | Will- rCorr Dex+4}
 47227 | Elf:3    | Cast into level 3 of the Abyss (a deep elf sorcerer)
 47247 | Abyss:3  | Found a radiant altar of Vehumet.
 47305 | Abyss:3  | Gained mutation: [Your magical capacity is low. (-10% MP)]
                  | [a neqoxec]
 47343 | Abyss:3  | Paralysed by accursed screaming for 1 turns
 47354 | Abyss:3  | Noticed a tentacled starspawn
 47404 | Abyss:3  | Lost mutation: [Your magical capacity is low. (-10% MP)]
                  | [potion of mutation]
 47404 | Abyss:3  | Gained mutation: You are partially covered in iridescent
                  | scales. (AC +2) [potion of mutation]
 47404 | Abyss:3  | Gained mutation: You have hidden genetic defects. [potion
                  | of mutation]
 47855 | Abyss:3  | Noticed a tentacled starspawn
 47893 | Abyss:3  | Paralysed by accursed screaming for 1 turns
 47931 | Abyss:3  | Noticed a lich
 47951 | Abyss:3  | Found a corrupted altar of Lugonu.
 48438 | Abyss:3  | Paralysed by accursed screaming for 1 turns
 48507 | Abyss:3  | Found a runed translucent door.
 48652 | Abyss:3  | Found a runed translucent door.
 48811 | Abyss:3  | Found a runed translucent door.
 48879 | Abyss:3  | Noticed a tentacled starspawn
 48973 | Abyss:3  | Found a runed translucent door.
 48974 | Abyss:3  | Noticed a tentacled starspawn
 48996 | Abyss:3  | Learned a level 8 spell: Lehudib's Crystal Spear
 49017 | Abyss:3  | Found a corrupted altar of Lugonu.
 49030 | Abyss:3  | Found a runed translucent door.
 49100 | Abyss:3  | Noticed a Hell Sentinel
 49127 | Abyss:3  | HP: 2/114 [Hell Sentinel/damnation (34)]
 49135 | Abyss:3  | Killed from afar by a Hell Sentinel

Illustrated notes

Levels and vault maps discovered:
D:1:      saegor_arrival_simple_a, layout_basic, serial_shops, shop_statue
D:2:      layout_rooms, minmay_misc_feat_diagonals, minmay_box_of_dots,
          uniq_natasha, uniq_robin, uniq_jessica
D:3:      layout_rooms, serial_corexii_hall, chequers_hall_statues_wall_a,
          corexii_hall_statues_x, chequers_hall_statues_corner_a
D:4:      layout_basic, general_overflow_altar, minmay_temple_entry_fiery,
          uniq_eustachio
D:5:      layout_gridville, serial_shops, nicolae_shop_advertising_works
          [nicolae_subvault_shop_adworks], minmay_splitting_lines, uniq_edmund
D:6:      layout_loops_ring, mainiacjoe_overflow_chevrons,
          nicolae_ossuary_entry_monument
D:7:      layout_loops_cross, mainiacjoe_overflow_divided_tiny
D:8:      minmay_ornate_pinched, layout_loops_corners,
          gammafunk_temple_overflow_wave, nicolae_ru_awakened_eye
D:9:      layout_roguey
D:10:     layout_basic, xom_redecorated, minmay_lair_entry_grove, david_orc_3,
          kennysheep_potato
D:11:     layout_roguey, onia_ninara_dug_in_and_dangerous
D:12:     minmay_angry_zag, layout_layer_cave
D:13:     layout_cave_pools, serial_shops, shop, minivault_16
D:14:     layout_roguey, grunt_vaults_entry_tiered,
          hangedman_decor_diamond_cutter, gauntlet_entry_generic, serial_glass,
          glass_columns_b, glass_columns_b, portal_ice_cave_entry_ugly_swarm,
          nrook_campfire, tgw_lugonu_bribe, uniq_snorg
Temple:   dpeg_chambers_temple
Lair:1:   layout_cave_pods, serial_forest, infiniplex_forest_straight_4,
          infiniplex_forest_lined_corner, infiniplex_forest_clump_small,
          infiniplex_forest_end_2, infiniplex_forest_clump_long,
          infiniplex_forest_end_3, infiniplex_forest_lined_2,
          ebering_ghost_rock_garden, chequers_serial_rivers_micro_a,
          minivault_25
Lair:2:   layout_roguey, spider_nest_entry_webs
Lair:3:   layout_regular_city, serial_rivers, chequers_serial_rivers_small_b,
          chequers_serial_rivers_micro_c, chequers_serial_rivers_small_b,
          chequers_serial_rivers_micro_d, grunt_megastairs_1
Lair:4:   layout_long_grid, elwin_shoals_entry_rooms,
          infiniplex_staircase_pool_2, lemuel_fruit_fields
Lair:5:   layout_misc_corridors, beast_lair_carwin_2
Lair:6:   evil_forest, layout_cave_pods, dpeg_slime_entry_enclosed_altar,
          st_stairs_7, grunt_megastairs_4
Orc:1:    layout_caves, mines_bat_river
Orc:2:    grunt_orc_community_town_hall, layout_diamond_mine,
          grunt_orc_community_big_house_1, grunt_orc_community_big_house_2,
          grunt_orc_community_house_1, grunt_orc_community_house_1,
          grunt_orc_community_house_2, grunt_orc_community_house_3,
          grunt_orc_community_house_3, serial_shops, nicolae_shop_trees
Elf:1:    nicolae_elf_arrival_dilemma, layout_onion_city, minmay_elf_demonology,
          uniq_aizul
Elf:2:    nicolae_elf_blades_crystal_corner, layout_geoelf_diagonals
Elf:3:    nooodl_elf_gasket, layout_geoelf_octagon, ebering_ghost_rock_garden
Abyss:3:  base: Gauntlet, evilmike_abyss_exit_chaos, bh_abyss_exit_choice,
          hangedman_abyss_or_decor_passed, minivault_20,
          evilmike_abyss_exit_chaos, evilmike_abyss_exit_16, due_exit_kobolds,
          evilmike_abyss_exit_15, evilmike_abyss_exit_14,
          hangedman_summoners_spam, small_statue_intersection,
          small_statue_intersection, evilmike_abyss_exit_5,
          hangedman_abyss_rune_flesh_and_stone,
          hangedman_abyss_or_decor_lesser_grid, nicolae_abyss_rune_left_handed,
          abyss_exit_lava, nicolae_abyss_rune_star_stuff,
          evilmike_abyss_exit_14, grunt_abyss_rune_forest_and_sorcery

Skill      XL: |  1  2  3  4  5  6  7  8  9 10 11 12 13 14 15 16 |
---------------+-------------------------------------------------+-----
Stealth        | 3 4 5 6 7 8 9 10 11 12 | 12.5
Fighting       | 1 2 3 4 5 6 7 8 9 |  9.8
Conjurations   | 1 2 3 4 6 7 8 9 10 11 12 13 | 13.7
Spellcasting   | 3 4 5 6 7 8 9 10 11 12 | 12.9
Earth Magic    | 4 5 6 7 8 9 10 11 12 13 14 | 14.2
Dodging        | 3 4 5 6 7 8 9 10 | 10.1
Shields        | 1 2 3 4 5 6 7 8 9 |  9.3
Transmutations | 3 4 5 |  5.7
Evocations     | 1 3 |  3.1

Action                   |  1- 3 |  4- 6 |  7- 9 | 10-12 | 13-15 | 16-18 || total
-------------------------+-------+-------+-------+-------+-------+-------++-------
Melee: Hand axe          |     7 |    40 |     6 |       |       |       ||    53
       Constrict         |     3 |    10 |     2 |       |     8 |     4 ||    27
       Unarmed           |     3 |       |       |       |       |     1 ||     4
       Tentacles         |     2 |     8 |     2 |       |    14 |     8 ||    34
       Dagger            |       |     2 |       |       |       |       ||     2
       Trident           |       |       |       |       |    25 |       ||    25
       Staff             |       |       |       |       |     5 |       ||     5
       Punch             |       |       |       |       |     1 |     1 ||     2
       Mace              |       |       |       |       |    10 |    28 ||    38
 Fire: Hunting sling     |    20 |   139 |   112 |     2 |    14 |       ||   287
Throw: Dart              |       |     7 |     2 |       |    16 |       ||    25
 Cast: Sandblast         |    17 |    44 |    27 |    73 |    93 |    25 ||   279
       Stone Arrow       |       |    24 |   110 |   274 |   732 |   265 ||  1405
       Mephitic Cloud    |       |       |       |     1 |    11 |       ||    12
       Fulminant Prism   |       |       |       |       |   103 |   103 ||   206
Evoke: Wand              |       |       |       |       |     2 |     2 ||     4
  Use: Potion            |       |     2 |     1 |     3 |     8 |    18 ||    32
       Scroll            |       |     1 |     5 |    12 |    11 |     6 ||    35
 Stab: Sleeping          |     1 |       |       |       |       |       ||     1
       Distracted        |       |       |       |       |       |     2 ||     2
Armor: Skin              |     4 |    12 |     5 |    20 |    65 |    46 ||   152
Dodge: Dodged            |    14 |    70 |    30 |    93 |   324 |   140 ||   671
Block: Buckler           |       |       |       |    27 |    88 |       ||   115
       Kite shield       |       |       |       |       |   253 |   279 ||   532
       Reflection        |       |       |       |       |    46 |    44 ||    90
